 Dungeon Crawl Stone Soup version 0.24.0-41-g2ae2f7f1be (webtiles) character file.

Game seed: 15248417706341201365, levelgen mode: deterministic

18281 ReteAZ the Basher (level 12, -5/70 HPs)
             Began as a Gargoyle Fighter on Dec 12, 2019.
             Was a High Priest of Okawaru.
             Killed from afar by Azrael (7 damage)
             ... with a bolt of fire
             ... on level 13 of the Dungeon.
             The game lasted 00:38:51 (13954 turns).

ReteAZ the Basher (Gargoyle Fighter)               Turns: 13954, Time: 00:38:51

Health: -5/70      AC: 32    Str: 22    XL:     12   Next: 56%
Magic:  15/15      EV: 10    Int: 12    God:    Okawaru [*****.]
Gold:   861        SH:  8    Dex: 12    Spells: 11/11 levels left

rFire    . . .     SeeInvis .   p - +2 flail (holy)
rCold    . . .     Gourm    .   M - +1 buckler {rN+}
rNeg     + + .     Faith    .   e - +0 plate armour
rPois    ∞         Spirit   .   D - +2 hat
rElec    +         Reflect  .   a - +0 cloak
rCorr    .         Harm     .   (no gloves)
MR       .....                  E - +1 pair of boots of Protective Custody {Dex+3}
Stlth    ..........             (no amulet)
HPRegen  0.21/turn              y - ring of stealth
MPRegen  0.14/turn              (no ring)

@: heroism, very slightly contaminated
A: negative energy resistance 1, electricity resistance, unbreathing,
petrification resistance, rot immunity, AC +8
a: Heroism, Finesse, Renounce Religion


You were on level 13 of the Dungeon.
You worshipped Okawaru.
Okawaru was extremely pleased with you.
You were not hungry.

You visited 1 branch of the dungeon, and saw 13 of its levels.
You also visited: Gauntlet.

You collected 861 gold pieces.

Inventory:

Hand Weapons
 p - a +2 flail of holy wrath (weapon)
Missiles
 C - 4 silver javelins (quivered)
 J - 3 boomerangs
Armour
 a - a +0 cloak (worn)
 b - a +0 scale mail
 c - a +0 shield
 e - a +0 plate armour (worn)
 D - a +2 hat (worn)
 E - the +1 pair of boots of Protective Custody (worn) {Dex+3}
   (Okawaru gifted it to you on level 11 of the Dungeon)

   It affects your dexterity (+3).
 M - a +1 buckler of positive energy (worn)
Jewellery
 y - a ring of stealth (left hand)
Wands
 F - a wand of random effects (24)
 H - a wand of acid (8)
 O - a wand of paralysis (2)
Scrolls
 g - 3 scrolls of fog
 h - a scroll of fear
 j - 4 scrolls of enchant armour
 o - 3 scrolls of teleportation
 s - 3 scrolls of magic mapping
 t - 3 scrolls of amnesia
 u - 4 scrolls of remove curse
 v - 4 scrolls of random uselessness
 w - 2 scrolls of enchant weapon
 A - 4 scrolls of identify
Potions
 d - 2 potions of might
 i - 2 potions of degeneration
 k - 2 potions of resistance
 l - a potion of invisibility
 m - 4 potions of flight {unknown}
 n - a potion of cancellation {unknown}
 q - 3 potions of lignification
 r - a potion of haste {unknown}
 x - 3 potions of ambrosia
 z - 2 potions of curing
 B - a potion of brilliance {unknown}
 G - a potion of mutation
 I - a potion of heal wounds {unknown}
 K - 2 potions of agility {unknown}
Comestibles
 f - 22 rations


   Skills:
 - Level 6.0(11.0) Fighting
 * Level 13.8(18.8) Maces & Flails
 + Level 11.2(16.2) Armour
 - Level 10.0(15.0) Shields
 - Level 5.0 Invocations


You had 11 spell levels left.
You didn't know any spells.
Your spell library contained the following spells:

 Spells                   Type           Power        Failure   Level  Hunger
 Animate Skeleton         Necr           N/A          95%         1    ##.....
 Apportation              Tloc           #.....       95%         1    ##.....
 Confusing Touch          Hex            #.....       95%         1    ##.....
 Freeze                   Ice            #...         95%         1    ##.....
 Infusion                 Chrm           #...         95%         1    ##.....
 Magic Dart               Conj           #...         95%         1    ##.....
 Summon Small Mammal      Summ           #...         95%         1    ##.....
 Blink                    Tloc           N/A          99%         2    ###....
 Call Imp                 Summ           #.......     99%         2    ###....
 Poisonous Vapours        Pois/Air       #.....       99%         2    ###....
 Searing Ray              Conj           #.....       99%         2    ###....
 Shroud of Golubria       Chrm/Tloc      #.....       99%         2    ###....
 Slow                     Hex            #.......     99%         2    ###....
 Song of Slaying          Chrm           #.......     99%         2    ###....
 Throw Frost              Conj/Ice       #.....       99%         2    ###....
 Confuse                  Hex            #.......     100%        3    ####...
 Conjure Flame            Conj/Fire      #.......     100%        3    ####...
 Dazzling Spray           Conj/Hex       #.....       100%        3    ####...
 Gell's Gravitas          Tloc           #.........   100%        3    ####...
 Mephitic Cloud           Conj/Pois/Air  #.......     100%        3    ####...
 Ozocubu's Armour         Chrm/Ice       #.......     100%        3    ####...
 Regeneration             Chrm/Necr      #.........   100%        3    ####...
 Spectral Weapon          Hex/Chrm       #.......     100%        3    ####...
 Force Lance              Conj/Tloc      #.......     100%        4    #####..
 Fulminant Prism          Conj/Hex       #.........   100%        4    #####..
 Iskenderun's Mystic Bla  Conj           #.......     100%        4    #####..
 Petrify                  Tmut/Erth      #.......     100%        4    #####..
 Summon Ice Beast         Ice/Summ       #.......     100%        4    #####..
 Throw Icicle             Conj/Ice       #.......     100%        4    #####..
 Metabolic Englaciation   Hex/Ice        #.........   100%        5    ######.
 Yara's Violent Unravell  Hex/Tmut       #.........   100%        5    ######.
 Freezing Cloud           Conj/Ice/Air   #.........   100%        6    #######
 Ring of Flames           Chrm/Fire      #.........   100%        7    #######


Dungeon Overview and Level Annotations

Branches:
Dungeon (13/15)            Temple (0/1) D:5            Lair (0/6) D:11
    Orc (0/2) D:9         Gauntlet (visited)
 Vaults: D:13-14

Altars:
Fedhas
Gozag
Hepliaklqana
Kikubaaqudgha
Nemelex Xobeh
Okawaru
Sif Muna
Trog
Uskayaw
Xom
Yredelemnul
The Shining One

Shops:
D:9 (   D:10 (

Annotations:
D:13 Azrael


Innate Abilities, Weirdness & Mutations

You are resistant to torment.
Your stone body is resilient. (AC +8)
You are immune to poison.
You resist negative energy. (rN+)
You are resistant to electric shocks. (rElec)
You can survive without breathing.
You are immune to petrification.
You are immune to rotting.


Message History

You closely miss the fire elemental. The fire elemental hits you.
The fire elemental burns you!
You hit the fire elemental.
The fire elemental is lightly damaged.
The fire elemental hits you. The fire elemental burns you!
You closely miss the fire elemental.
The fire elemental is lightly damaged.
Azrael gestures at you.
The fireball explodes!
The fireball engulfs the fire elemental.
The fire elemental completely resists.
The fireball engulfs you!!
* * * LOW HITPOINT WARNING * * *
The fireball engulfs Azrael.
Azrael completely resists.
Blink to where?
Press: ? - help, Dir - move target cursor You are very lightly contaminated with residual magic.
As you read the scroll of blinking, it crumbles to dust.
Azrael gestures at you. The bolt of fire hits you!
You die...

#E# #E# #R#
#########☼#######
(.).....§†.......
#########.#######
#..# ##.# #@# #.#
#.# #.# #.# #.#
#.# #.# #.#


You could see Azrael and a fire elemental.

Vanquished Creatures
  A hydra (D:12)
  2 two-headed ogres (D:11)
  A centaur warrior (D:11)
  2 cyclopes (D:12)
  A deep elf mage (D:9)
  3 ugly things
  A manticore (D:12)
  Joseph (D:10)
  2 centaur skeletons
  A queen bee (D:9)
  3 trolls
  A meliai zombie (D:11)
  2 hippogriffs
  A wraith (D:11)
  A vampire (D:8)
  A water elemental (D:11)
  7 yaks (D:11)
  Grum (D:10)
  A hungry ghost (D:11)
  A soldier ant (D:8)
  3 water moccasins
  A hell hound (D:13)
  5 orc warriors
  A necrophage (D:7)
  6 ice beasts
  4 sky beasts
  7 ogres
  2 phantoms
  5 wolves
  6 centaurs
  3 big kobolds
  7 bullfrogs
  A gnoll sergeant (D:8)
  A water moccasin zombie (D:9)
  5 scorpions
  43 killer bees
  10 wights
  4 electric eels (D:11)
  A howler monkey (D:5)
  4 crimson imps
  3 centaur zombies
  2 quasits
  A bullfrog zombie (D:8)
  9 orc priests
  2 jellies
  8 orc wizards
  2 bullfrog skeletons
  9 hounds
  7 iguanas
  8 worker ants
  A killer bee zombie (D:6)
  A worker ant zombie (D:11)
  10 adders
  6 gnolls
  A shadow imp (D:5)
  2 oozes
  An adder skeleton (D:8)
  3 worms (D:3)
  2 dart slugs (D:3)
  8 leopard geckos
  58 orcs
  2 bats
  A bat zombie (D:8)
  4 giant cockroaches
  4 goblins
  7 hobgoblins
  5 jackals
  19 kobolds
  4 quokkas
  4 frilled lizards
  A quokka skeleton (D:4)
  A quokka zombie (D:6)
  9 rats
  4 rat zombies (D:8)
  2 plants (D:11)
364 creatures vanquished.

Vanquished Creatures (others)
  9 plants (D:11)
9 creatures vanquished.

Grand Total: 373 creatures vanquished

Notes
Turn   | Place    | Note
-------+----------+-------------------------------------------
     0 | D:1      | ReteAZ the Gargoyle Fighter began the quest for the Orb.
     0 | D:1      | Reached XP level 1. HP: 14/14 MP: 1/1
   370 | D:1      | Reached XP level 2. HP: 19/19 MP: 2/2
   661 | D:1      | Reached skill level 3 in Maces & Flails
  1217 | D:2      | Reached XP level 3. HP: 23/23 MP: 3/3
  1747 | D:3      | Found an iron altar of Okawaru.
  1760 | D:3      | Became a worshipper of Warmaster Okawaru
  1803 | D:3      | Found a basalt altar of Yredelemnul.
  1949 | D:3      | Reached skill level 4 in Maces & Flails
  1976 | D:3      | Found a glowing golden altar of the Shining One.
  1986 | D:3      | Reached XP level 4. HP: 21/28 MP: 4/4
  2599 | D:4      | Reached skill level 5 in Maces & Flails
  2599 | D:4      | Reached XP level 5. HP: 22/32 MP: 5/5
  2633 | D:4      | Got a translucent dagger
  2634 | D:4      | Identified the cursed +1 dagger "Usseogui" {pain, rElec MR+
                  | Str-5 Stlth+} (You found it on level 4 of the Dungeon)
  2713 | D:4      | Found a hazy altar of Hepliaklqana.
  3039 | D:4      | Reached skill level 6 in Maces & Flails
  3039 | D:4      | Reached XP level 6. HP: 34/37 MP: 6/6
  3109 | D:4      | Reached * piety under Okawaru
  3356 | D:5      | Entered Level 5 of the Dungeon
  3357 | D:5      | Found a shimmering altar of Xom.
  3596 | D:5      | Reached skill level 7 in Maces & Flails
  3747 | D:5      | Reached XP level 7. HP: 31/41 MP: 7/7
  3755 | D:5      | Found a blossoming altar of Fedhas.
  3904 | D:5      | Found a staircase to the Ecumenical Temple.
  4216 | D:6      | Reached skill level 8 in Maces & Flails
  4249 | D:6      | Reached ** piety under Okawaru
  4259 | D:6      | Reached skill level 1 in Invocations
  4262 | D:6      | Reached XP level 8. HP: 27/48 MP: 7/9
  4543 | D:6      | Reached *** piety under Okawaru
  5360 | D:6      | Reached skill level 5 in Fighting
  5366 | D:6      | Reached skill level 5 in Armour
  5428 | D:6      | Reached skill level 9 in Maces & Flails
  5531 | D:7      | Found an opulent altar of Gozag.
  5586 | D:7      | Reached XP level 9. HP: 54/54 MP: 10/12
  5606 | D:7      | Found a hide-covered altar of Uskayaw.
  5674 | D:7      | Found a shimmering blue altar of Sif Muna.
  5922 | D:7      | Found a bloodstained altar of Trog.
  6000 | D:7      | Reached **** piety under Okawaru
  6038 | D:7      | Reached skill level 5 in Invocations
  6783 | D:8      | Reached skill level 10 in Maces & Flails
  6784 | D:8      | Reached skill level 5 in Shields
  7051 | D:8      | Reached XP level 10. HP: 52/60 MP: 10/13
  7157 | D:8      | Found a sparkling altar of Nemelex Xobeh.
  7561 | D:8      | Found an ancient bone altar of Kikubaaqudgha.
  7891 | D:9      | Found Werocsum's Weapon Emporium.
  8072 | D:9      | HP: 1/90 [orc priest/divine providence (11)]
  8658 | D:9      | Reached ***** piety under Okawaru
  8898 | D:9      | Reached skill level 11 in Maces & Flails
  9017 | D:9      | Found a staircase to the Orcish Mines.
  9120 | D:9      | Noticed a deep elf mage
  9133 | D:9      | Killed a deep elf mage
  9133 | D:9      | Reached XP level 11. HP: 64/64 MP: 11/14
  9408 | D:10     | Entered Level 10 of the Dungeon
  9691 | D:10     | Received a gift from Okawaru
 10013 | D:10     | Found Ycrurr's Antique Weapon Boutique.
 10106 | D:10     | Noticed Joseph
 10140 | D:10     | Killed Joseph
 10188 | D:10     | Noticed Grum
 10525 | D:10     | Noticed a two-headed ogre
 10882 | D:10     | Reached skill level 12 in Maces & Flails
 10888 | D:10     | Killed Grum
 11068 | D:11     | Noticed a two-headed ogre
 11086 | D:11     | Killed a two-headed ogre
 11112 | D:11     | Found a gate leading to a gauntlet.
 11118 | Gauntlet | Entered a Gauntlet
 11118 | Gauntlet | Found a transporter.
 11185 | Gauntlet | Noticed an oklob plant
 11186 | Gauntlet | Found a transporter.
 11201 | Gauntlet | Found a transporter.
 11207 | Gauntlet | Found a transporter.
 11222 | Gauntlet | Noticed a death ooze
 11227 | Gauntlet | Found a transporter.
 11241 | Gauntlet | Found a transporter.
 11253 | Gauntlet | Found a transporter.
 11253 | Gauntlet | Noticed a hell beast
 11265 | Gauntlet | Found a transporter.
 11267 | Gauntlet | Noticed a wretched star
 11277 | Gauntlet | Found a transporter.
 11279 | Gauntlet | Noticed an orange crystal statue
 11285 | Gauntlet | Noticed a death scarab
 11289 | Gauntlet | Found a transporter.
 11292 | Gauntlet | Noticed a death scarab
 11306 | Gauntlet | Found a transporter.
 11323 | Gauntlet | Found a transporter.
 11325 | Gauntlet | Found a transporter.
 11326 | Gauntlet | Noticed a death scarab
 11352 | Gauntlet | Noticed a soul eater
 11353 | Gauntlet | Found a transporter.
 11355 | Gauntlet | Found a transporter.
 11357 | Gauntlet | Found a transporter.
 11387 | Gauntlet | Found a transporter.
 11389 | Gauntlet | Found a transporter.
 11452 | D:11     | Reached skill level 10 in Armour
 11609 | D:11     | Noticed a centaur warrior
 11615 | D:11     | Noticed a two-headed ogre
 11626 | D:11     | Killed a centaur warrior
 11653 | D:11     | Received a gift from Okawaru
 11690 | D:11     | Killed a two-headed ogre
 11690 | D:11     | Reached XP level 12. HP: 20/70 MP: 5/15
 11710 | D:11     | Reached skill level 13 in Maces & Flails
 11729 | D:11     | HP: 3/70 [hound (2)]
 11735 | D:11     | Got a pair of translucent boots {god gift}
 11746 | D:11     | Identified the +1 pair of boots of Protective Custody
                  | {Dex+3} (Okawaru gifted it to you on level 11 of the
                  | Dungeon)
 12785 | D:11     | Found a staircase to the Lair.
 13349 | D:12     | Noticed a four-headed hydra
 13358 | D:12     | Killed a four-headed hydra
 13368 | D:12     | Reached skill level 10 in Shields
 13405 | D:12     | Paralysed by an orc for 3 turns
 13417 | D:12     | Paralysed by an orc for 4 turns
 13926 | D:13     | Noticed Azrael
 13953 | D:13     | HP: 1/70 [Azrael/fireball (27)]
 13954 | D:13     | Killed from afar by Azrael

Levels and vault maps discovered:
D:1:      eino_arrival_water_cross, layout_basic
D:2:      layout_basic
D:3:      kennysheep_big_flooded_room, layout_basic, okawaru_ov_weapons_minmay,
          overflow_temple_1_default, yredelemnul_altar_generic
D:4:      layout_basic, overflow_temple_1_default
D:5:      layout_rooms, old_standard_altar, lemuel_doored_altar,
          minmay_temple_entry_butterflies, first_ration
D:6:      layout_layer_cave
D:7:      layout_basic, eat_drink_and_be_merry_uskayaw, lightli_temple_of_fire,
          led_sif_pool, grunt_gozag_breadcrumbs, minmay_chambers_of_fives
D:8:      layout_loops_ring, old_standard_altar,
          lemuel_zombie_altar_kikubaaqudgha
D:9:      layout_cave_pods, hiddenorc2_lemuel, serial_shops, shop,
          david_nohive_1, statue_in_the_mist_lemuel
D:10:     layout_layer_cave, serial_shops, nicolae_shop_stone, uniq_grum,
          uniq_joseph
D:11:     layout_stronghold, erik_lair_island, gauntlet_entry_generic,
          serial_bayou, serial_bayou_pond_b, serial_bayou_pond_d,
          serial_bayou_lagoon_a, serial_bayou_pond_d
D:12:     layout_roguey, ebering_dispersal_statue_hall
D:13:     layout_roguey, portal_ice_cave_entry_pillars_1, uniq_kirke,
          uniq_snorg, uniq_maurice, uniq_azrael

Skill      XL: |  1  2  3  4  5  6  7  8  9 10 11 12 |
---------------+-------------------------------------+-----
Maces & Flails | 3 4 5 6 7 8 9 10 11 12 13 | 13.8
Invocations    | 1 4 5 |  5.0
Fighting       | 5 6 |  6.0
Armour         | 5 7 9 10 11 | 11.2
Shields        | 5 7 9 10 | 10.0

Action                   |  1- 3 |  4- 6 |  7- 9 | 10-12 || total
-------------------------+-------+-------+-------+-------++-------
Melee: Flail             |   159 |   110 |   426 |  1135 ||  1830
       Dagger            |       |    46 |       |       ||    46
Throw: Javelin           |       |       |     5 |    13 ||    18
Invok: Heroism           |       |     1 |     7 |    23 ||    31
       Finesse           |       |       |       |     3 ||     3
  Use: Scroll            |       |     4 |       |    17 ||    21
       Potion            |       |       |       |     3 ||     3
  Eat: Chunk             |     1 |     4 |    12 |    20 ||    37
       Ration            |     1 |       |       |     1 ||     2
Armor: Scale mail        |    79 |    64 |   214 |   393 ||   750
       Plate armour      |       |       |       |   123 ||   123
Dodge: Dodged            |    37 |    42 |   106 |   359 ||   544
Block: Shield            |    78 |    71 |   197 |   535 ||   881
       Buckler           |       |       |       |    29 ||    29
